 Dungeon Crawl Stone Soup version 0.31-a0-154-g56bf346678 (webtiles) character file.

Game seed: 10955935196949258092

144 SigmundSlayer the Stinger (level 5, -5/38 HPs)
             Began as a Draconian Venom Mage on June 11, 2023.
             Slain by Grinder (6 damage)
             ... on level 3 of the Dungeon.
             The game lasted 00:04:37 (2373 turns).

SigmundSlayer the Stinger (Draconian Venom Mage)    Turns: 2373, Time: 00:04:37

Health: -5/38      AC:  6    Str:  9 (10) XL:     5   Next: 5%
Magic:  1/10       EV: 11    Int: 16 (18) God:
Gold:   61         SH:  0    Dex:  8 (11) Spells: 6/11 levels left

rFire   + . .        (no weapon)
rCold   + . .        (no shield)
rNeg    . . .        (body armour unavailable)
rPois   +            (helmet restricted)
rElec   +            (no cloak)
rCorr   +            k - +0 pair of gloves
SInv    .            (no boots)
Will    .....        (no amulet)
Stlth   +            (no ring)
HPRegen 0.26/turn    (no ring)
MPRegen 0.12/turn

%: no passive effects
@: resistant
A: AC +5, unfitting armour, cold-blooded
a: no special abilities


You were on level 3 of the Dungeon.
You visited 1 branch of the dungeon, and saw 3 of its levels.

You collected 61 gold pieces.

Inventory:

Armour
 k - a +0 pair of gloves (worn)
 n - a +0 tower shield
Jewellery
 m - a ring of fire
Scrolls
 b - a scroll of torment {unknown}
 e - 2 scrolls of amnesia {unknown}
 f - a scroll of enchant weapon {unknown}
 i - a scroll of fog {unknown}
 l - a scroll of enchant armour {unknown}
Potions
 d - a potion of cancellation


   Skills:
 - Level 1.7 Dodging
 - Level 1.7 Stealth
 + Level 3.7 Spellcasting
 - Level 1.0 Transmutations
 + Level 4.6 Poison Magic


You had 6 spell levels left.
You knew the following spells:

 Your Spells              Type           Power      Damage    Failure   Level
a - Sting                 Tmut/Pois      44%        1d5       5%          1
b - Olgreb's Toxic Radia  Pois           17%        N/A       26%         4

Your spell library contained the following spells:

 Spells                   Type           Power      Damage    Failure   Level
 Poisonous Vapours        Pois/Air       20%        N/A       11%         2
 Mephitic Cloud           Conj/Pois/Air  7%         N/A       28%         3


Dungeon Overview and Level Annotations

Branches:
Dungeon (3/15)

Altars:

Annotations:
D:3 Grinder


Innate Abilities, Weirdness & Mutations

Your plain brown scales are hard. (AC +5)
You cannot fit into any form of body armour.
You are cold-blooded and may be slowed by cold attacks.


Message History

Grinder hits you.
You writhe in agony.
Aiming: Sting (safe; 4% risk of failure)
Press: ? - help, Q - select action, (/) - cycle Shift-Dir - straight line, f/p - Grinder
Aim: Grinder (lightly wounded, poisoned, 68% to hit)
The sting hits Grinder but does no damage.
Grinder looks even sicker.
Grinder is lightly wounded.
Grinder gestures at you.
You barely resist.
Grinder blinks!
Grinder blinks!
Grinder gestures at you. You resist with significant effort.
Aiming: Sting (safe; 4% risk of failure)
Press: ? - help, Q - select action, (/) - cycle Shift-Dir - straight line, f/p - Grinder
Aim: Grinder (moderately wounded, poisoned, 68% to hit)
The sting misses Grinder.
Grinder gestures at you.
You barely resist. Grinder gestures at you. Pain shoots through your body!
* * * LOW HITPOINT WARNING * * *
It was a potion of resistance.
You feel protected. Grinder gestures at you. Pain shoots through your body!
* * * LOW HITPOINT WARNING * * *
You feel better.
It was a potion of degeneration.
There was something very wrong with that liquid.
You feel weakened.
You feel dopey.
You feel clumsy.
You don't have enough magic to cast this spell.
Unknown command.
Grinder attacks as you move away! Grinder closely misses you.
You hit Grinder.
Grinder is heavily wounded.
Grinder looks more healthy.
Grinder hits you!
* * * LOW HITPOINT WARNING * * *
You writhe in agony.
You die...

#.# #.# #.# #.# #.# #.#
#.# #.# #.# #.# #.# #.#
#.# #.# #.# #.# #.# #.#
#.# #.#
####.###########.#
#.#####.@5.............##
#.......##..........##..)
###################....##
######


You could see Grinder.

Vanquished Creatures
  2 orc wizards (D:3)
  Robin (D:3)
  3 adders
  A worm (D:2)
  A dart slug (D:2)
  3 orcs (D:3)
  2 bats
  3 giant cockroaches
  14 goblins
  6 hobgoblins
  3 kobolds
  A quokka (D:1)
  3 ball pythons
  2 frilled lizards
  3 rats
48 creatures vanquished.

Notes
Turn   | Place    | Note
-------+----------+-------------------------------------------
     0 | D:1      | SigmundSlayer the Draconian Venom Mage began the quest for
                  | the Orb.
     0 | D:1      | Reached XP level 1. HP: 14/14 MP: 3/3
   208 | D:1      | Reached XP level 2. HP: 20/20 MP: 0/5
  1571 | D:2      | Reached XP level 3. HP: 25/26 MP: 2/7
  1797 | D:3      | Reached skill level 4 in Poison Magic
  1797 | D:3      | Reached XP level 4. HP: 22/33 MP: 1/8
  1884 | D:2      | Learned a level 4 spell: Olgreb's Toxic Radiance
  2097 | D:3      | Noticed Robin
  2114 | D:3      | Killed Robin
  2115 | D:3      | Reached XP level 5. HP: 19/38 MP: 4/10
  2290 | D:3      | Noticed Grinder
  2301 | D:3      | Paralysed by Grinder for 4 turns
  2309 | D:3      | Paralysed by Grinder for 2 turns
  2323 | D:3      | Paralysed by Grinder for 4 turns
  2336 | D:3      | Paralysed by Grinder for 3 turns
  2342 | D:3      | Paralysed by Grinder for 3 turns
  2353 | D:3      | HP: 1/38 [Grinder/nerve-wracking pain (13)]
  2369 | D:3      | HP: 1/38 [Grinder/nerve-wracking pain (10)]
  2373 | D:3      | Slain by Grinder

Illustrated notes

Levels and vault maps discovered:
D:1:      minmay_arrival_checkered_box, layout_rooms
D:2:      layout_loops_corners
D:3:      layout_loops_ring, nicolae_xom_altar_mimics, nrook_loot_triangle,
          uniq_robin, uniq_grinder, uniq_jessica, uniq_natasha

Skill      XL: |  1  2  3 |
---------------+----------+-----
Spellcasting   | 3 |  3.7
Poison Magic   | 4 |  4.6
Dodging        | |  1.7
Stealth        | |  1.7
Transmutations | |  1.0

Action                     |  1- 3 |  4- 6 || total
---------------------------+-------+-------++-------
  Melee: Unarmed           |    10 |    10 ||    20
         Punch             |     1 |       ||     1
         Tailslap          |       |     2 ||     2
   Cast: Sting             |    53 |    39 ||    92
         Olgreb's Toxic Ra |       |     2 ||     2
    Use: Potion            |       |     8 ||     8
 Armour: Skin              |    17 |    14 ||    31
  Dodge: Dodged            |    10 |    18 ||    28

Table legend: (Time is in decaauts)
 A = Elapsed time spent in this place.
 B = Non-inter-level travel time spent in this place.
 C = Inter-level travel time spent in this place.
 D = Time resting spent in this place.
 E = Time spent auto-exploring this place.
 F = Levels seen in this place.
 G = Mean time per level.
                   A        B        C        D        E       F      G
               +--------+--------+--------+--------+--------+-----+--------+
         Total |   2373 |   2312 |     61 |    300 |   1612 |   3 |  791.0 |
       Dungeon |   2373 |   2312 |     61 |    300 |   1612 |   3 |  791.0 |
               +--------+--------+--------+--------+--------+-----+--------+

Top non-repeatable levels by time:
     D:2: 1075 daAuts
     D:1: 744 daAuts
     D:3: 554 daAuts
